 Dungeon Crawl Stone Soup version 0.30.1-9-gdf580d7c3d (webtiles) character file.

Game seed: 6746265913846064539

349 H0rd4k the Charlatan (level 6, -4/46 HPs)
             Began as a Human Artificer on Sept 25, 2023.
             Slain by Edmund
             ... wielding a +3 flail of holy wrath
              (8 damage)
             ... on level 4 of the Dungeon.
             The game lasted 00:03:55 (3017 turns).

H0rd4k the Charlatan (Human Artificer)              Turns: 3017, Time: 00:03:56

Health: -4/46      AC: 11    Str: 12    XL:     6   Next: 92%
Magic:  6/6        EV:  7    Int: 13    God:
Gold:   133        SH:  0    Dex: 14    Spells: 5/5 levels left

rFire   . . .        m - +1 dagger (venom)
rCold   + . .        (no shield)
rNeg    . . .        t - +2 chain mail {rC+}
rPois   .            (no helmet)
rElec   .            (no cloak)
rCorr   .            j - +0 pair of gloves
SInv    .            (no boots)
Will    .....        (no amulet) Stlth
                     (no ring)
HPRegen 0.27/turn    (no ring)
MPRegen 0.10/turn

%: no passive effects
@: no status effects
A: no striking features
a: no special abilities


You were on level 4 of the Dungeon.
You visited 1 branch of the dungeon, and saw 4 of its levels.

You collected 133 gold pieces.

Inventory:

Hand Weapons
 k - a +2 spear of venom
 m - a +1 dagger of venom (weapon)
Missiles
 s - 9 poisoned darts
Armour
 j - a +0 pair of gloves (worn)
 t - a +2 chain mail of cold resistance (worn)
Magical Staves
 g - a staff of cold
Wands
 c - a wand of flame (26) (quivered)
 d - a wand of charming (14)
 e - a wand of iceblast (5)
Scrolls
 a - a scroll of identify {unknown}
 b - 3 scrolls of poison {unknown}
 h - 2 scrolls of acquirement {unknown}
 l - a scroll of summoning {unknown}
 n - a scroll of teleportation {unknown}
 o - a scroll of blinking {unknown}
 p - 2 scrolls of torment {unknown}
 y - a scroll of amnesia {unknown}
Potions
 f - 4 potions of might {unknown}
 i - a potion of flight {unknown}
 q - a potion of magic {unknown}
 r - a potion of invisibility {unknown}
 u - a potion of attraction {unknown}
 v - a potion of heal wounds {unknown}
 w - a potion of lignification {unknown}
 x - a potion of brilliance {unknown}
 z - a potion of curing {unknown}


   Skills:
 + Level 2.9 Fighting
 + Level 3.4 Short Blades
 - Level 0.1 Maces & Flails
 - Level 2.0 Armour
 + Level 2.8 Dodging
 - Level 1.0 Stealth
 + Level 4.5 Evocations


You had 5 spell levels left.
You didn't know any spells.
Your spell library contained the following spells:

 Spells                   Type           Power      Damage    Failure   Level
 Foxfire                  Conj/Fire      0%         2x1d4     100%        1
 Call Canine Familiar     Summ           0%         N/A       100%        3
 Portal Projectile        Hex/Tloc       0%         N/A       100%        3
 Summon Guardian Golem    Hex/Summ       0%         N/A       100%        3
 Leda's Liquefaction      Hex/Erth       0%         N/A       100%        4
 Fireball                 Conj/Fire      0%         3d3       100%        5
 Plasma Beam              Fire/Air       0%         2x1d11    100%        6
 Starburst                Conj/Fire      0%         6d3       100%        6
 Orb of Destruction       Conj           0%         9d5       100%        7
 Spellforged Servitor     Conj/Summ      0%         N/A       100%        7


Dungeon Overview and Level Annotations

Branches:
Dungeon (4/15)
 Temple: D:4-7

Altars:

Shops:
D:2 !   D:4 (

Annotations:
D:4 Edmund


Message History

The gnoll bouda hits you but does no damage.
You hit the gnoll bouda.
The gnoll bouda looks as sick as possible!
You punch the gnoll bouda, but do no damage.
The gnoll bouda is heavily wounded.
The gnoll barely misses you.
The gnoll bouda hits you with a +0 club!
You hit the gnoll bouda but do no damage.
The gnoll bouda is heavily wounded.
The gnoll barely misses you.
You hit the gnoll bouda but do no damage.
The gnoll bouda looks as sick as possible!
The gnoll bouda is severely wounded.
The gnoll bouda barely misses you.
You hit the gnoll bouda.
The gnoll bouda looks as sick as possible!
The gnoll bouda is severely wounded.
You kill the gnoll bouda!
The gnoll barely misses you.
You hit the gnoll but do no damage.
The gnoll is moderately wounded.
The gnoll hits you with a +0 flail!
You hit the gnoll but do no damage.
The gnoll is poisoned.
The gnoll is moderately wounded.
The gnoll hits you with a +0 flail!
You hit the gnoll.
The gnoll looks as sick as possible!
The gnoll is severely wounded.
You kill the gnoll!
You barely miss Edmund.
Edmund hits you with a +3 flail of holy wrath.
Edmund attacks as you move away!
Edmund hits you with a +3 flail of holy wrath!
* * * LOW HITPOINT WARNING * * *
You hear the rapid rusting of a drain nearby.
Aiming: Charm
Press: ? - help, Shift-Dir - straight line, f - Edmund
Aim: Edmund, wielding a +3 flail of holy wrath and wearing a +0 chain mail (chance to affect: 61%) Edmund resists with significant effort.
Edmund hits you with a +3 flail of holy wrath!
You die...

......####.# .........#.#
...........##
............##
.............######
..............##..#####
............#.))......###
............###@........###
...........##
#.@.........## ...........#
#............##
#.........##
##.............#
#.........#
#..............#
#........##
#.............## ..########
#..............## ..
###.........##..####
###......####).... ####.###
#.....


You could see Edmund.

Vanquished Creatures
  A scorpion (D:4)
  A gnoll bouda (D:4)
  An iguana (D:3)
  Natasha (thrice) (D:2)
  Robin (D:3)
  6 gnolls (D:4)
  An adder (D:2)
  A worm (D:4)
  4 dart slugs
  An orc (D:4)
  3 bats
  5 endoplasms
  A giant cockroach (D:2)
  13 goblins
  13 hobgoblins
  4 quokkas
  4 ball pythons
  A frilled lizard (D:1)
  2 kobolds
  6 rats
72 creatures vanquished.

Notes
Turn   | Place    | Note
-------+----------+-------------------------------------------
     0 | D:1      | H0rd4k the Human Artificer began the quest for the Orb.
     0 | D:1      | Reached XP level 1. HP: 15/15 MP: 1/1
   163 | D:1      | Reached XP level 2. HP: 8/21 MP: 2/2
   683 | D:2      | Noticed Natasha
   705 | D:2      | Reached XP level 3. HP: 10/26 MP: 3/3
   711 | D:2      | Killed Natasha
   712 | D:2      | Reached skill level 4 in Evocations
   837 | D:2      | Reached XP level 4. HP: 32/32 MP: 4/4
   918 | D:2      | Noticed Natasha
   927 | D:2      | Killed Natasha
  1174 | D:2      | Found Malol's Distillery.
  1236 | D:2      | Reached XP level 5. HP: 38/38 MP: 5/5
  1275 | D:2      | Noticed Natasha
  1288 | D:2      | Killed Natasha
  1289 | D:2      | Reached skill level 1 in Short Blades
  1632 | D:3      | Noticed Robin
  1658 | D:3      | Killed Robin
  2466 | D:4      | Identified the +7 long sword "Ogre's Death" {heavy, rPois
                  | rN+ Int+3 Dex+3}
  2565 | D:4      | Reached XP level 6. HP: 44/44 MP: 6/6
  2868 | D:4      | Found Daecoakk's Weapon Shoppe.
  2986 | D:4      | Noticed Edmund
  3017 | D:4      | Slain by Edmund

Illustrated notes

Levels and vault maps discovered:
D:1:      dpeg_arrival_stone_temple_mockup, layout_rooms
D:2:      layout_basic, serial_shops, nicolae_shop_tiny_waterfront, uniq_natasha
D:3:      layout_basic, uniq_robin
D:4:      layout_cave_pods, gup_sewer_entry_pipe, serial_shops, shop,
          eino_small_chamber_without_monster, uniq_edmund

Skill      XL: |  1  2  3  4  5  6 |
---------------+-------------------+-----
Evocations     | 4 |  4.5
Dodging        | 2 |  2.8
Fighting       | 2 |  2.9
Short Blades   | 1 3 |  3.4
Maces & Flails | |  0.1
Armour         | |  2.0
Stealth        | |  1.0

Action                     |  1- 3 |  4- 6 || total
---------------------------+-------+-------++-------
  Melee: Club              |    39 |       ||    39
         Dagger            |    50 |   174 ||   224
         Punch             |       |     5 ||     5
  Evoke: Wand              |       |     1 ||     1
   Stab: Sleeping          |       |     3 ||     3
 Armour: Leather armour    |    39 |     6 ||    45
         Chain mail        |       |    55 ||    55
  Dodge: Dodged            |    69 |    68 ||   137
